 Dungeon Crawl Stone Soup version 0.29.0-11-gd7f09526c8 (webtiles) character file.

Game seed: 15812005527881121474

67 Zeldest the Slasher (level 4, -3/28 HPs)
             Began as a Tengu Monk on Sept 4, 2022.
             Slain by Grinder (4 damage)
             ... on level 3 of the Dungeon.
             The game lasted 00:01:38 (1481 turns).

Zeldest the Slasher (Tengu Monk)                    Turns: 1481, Time: 00:01:39

Health: -3/28      AC:  2    Str: 11    XL:     4   Next: 18%
Magic:  5/5        EV: 14    Int: 11    God:
Gold:   75         SH:  0    Dex: 18    Spells: 3/3 levels left

rFire   . . .      SeeInvis .   a - +0 falchion
rCold   . . .      Faith    .   (no shield)
rNeg    . . .      Spirit   .   b - +0 robe
rPois   .          Reflect  .   (helmet restricted)
rElec   .          Harm     .   (no cloak)
rCorr   .          Rampage  .   (no gloves)
Will    .....                   (boots unavailable)
Stlth   +.........              (no amulet)
HPRegen 0.09/turn               (no ring)
MPRegen 0.09/turn               (no ring)

@: confused, ambrosia-drunk, attractive
A: beak, talons 3
a: no special abilities


You were on level 3 of the Dungeon.
You visited 1 branch of the dungeon, and saw 3 of its levels.

You collected 75 gold pieces.

Inventory:

Hand Weapons
 a - a +0 falchion (weapon)
 g - the +2 mace of the Shrinking Lamprey {freeze, rF+ Will+}
   (You found it on level 2 of the Dungeon)

   It freezes those it strikes, dealing additional cold damage.
   It can also slow down cold-blooded creatures.
   rF:        It protects you from fire.
   Will:      It increases your willpower.
Armour
 b - a +0 robe (worn)
Scrolls
 d - 3 scrolls of identify {unknown}
 f - a scroll of vulnerability {unknown}
Potions
 h - a potion of attraction


   Skills:
 + Level 3.5 Fighting
 * Level 4.5 Long Blades
 + Level 3.8 Dodging
 - Level 2.0 Stealth


You had 3 spell levels left.
You didn't know any spells.
Your spell library was empty.

Dungeon Overview and Level Annotations

Branches:
Dungeon (3/15)

Altars:
Makhleb

Annotations:
D:3 Grinder


Innate Abilities, Weirdness & Mutations

You have a beak for a mouth.
You have claws for feet.


Message History

Grinder gestures at you. You resist with significant effort.
You're too confused to move!
Grinder hits you.
You writhe in agony.
* * * LOW HITPOINT WARNING * * *
You hit Grinder but do no damage. Your peck misses Grinder.
Grinder is lightly wounded.
Grinder barely misses you. Grinder barely misses you.
You barely miss Grinder. Your peck misses Grinder.
Grinder is lightly wounded.
You feel less invigorated.
You feel less confused. Grinder gestures at you. Pain shoots through your body!
You barely miss Grinder. You claw Grinder.
Grinder is lightly wounded.
Grinder says, "What is the universe for?"
Grinder closely misses you.
You closely miss Grinder. You claw Grinder, but do no damage.
Grinder is lightly wounded.
Grinder zaps a wand.
The puff of flame misses you.
You aren't carrying any items that you can evoke.
Unknown command.
It was a potion of cancellation.
You feel magically purged. Grinder hits you but does no damage.
It was a potion of attraction.
You feel attractive to monsters. Grinder hits you but does no damage.
You aren't carrying any items that you can evoke.
Unknown command.
You hit Grinder. Your kick misses Grinder.
Grinder is lightly wounded.
Grinder hits you.
You writhe in agony.
* * * LOW HITPOINT WARNING * * *
You are confused.
You feel invigorated. Grinder barely misses you.
Grinder attacks as you move away! Grinder hits you!
* * * LOW HITPOINT WARNING * * *
You writhe in agony.
You die...

#########
........#
#.#######5#
........[@#
#..#####..#
#..# #..#
.... .(..##
.....
..?.##


You could see Grinder.

Vanquished Creatures
  2 adders (D:2)
  2 dart slugs (D:1)
  4 ball pythons
  4 giant cockroaches
  3 goblins
  5 hobgoblins
  4 quokkas
  7 bats (D:1)
  2 frilled lizards (D:1)
  4 kobolds
  6 rats
43 creatures vanquished.

Notes
Turn   | Place    | Note
-------+----------+-------------------------------------------
     0 | D:1      | Zeldest the Tengu Monk began the quest for the Orb.
     0 | D:1      | Reached XP level 1. HP: 14/14 MP: 2/2
   147 | D:1      | Reached XP level 2. HP: 5/19 MP: 3/3
   617 | D:1      | Reached XP level 3. HP: 20/23 MP: 4/4
   624 | D:1      | Reached skill level 4 in Long Blades
   804 | D:1      | Found a faded altar of an unknown god.
  1214 | D:2      | Found a burning altar of Makhleb.
  1221 | D:2      | Identified the +2 mace of the Shrinking Lamprey {freeze,
                  | rF+ Will+}
  1306 | D:2      | Reached XP level 4. HP: 26/28 MP: 5/5
  1464 | D:3      | Noticed Grinder
  1481 | D:3      | HP: 1/28 [Grinder (9)]
  1481 | D:3      | Slain by Grinder

Illustrated notes

Levels and vault maps discovered:
D:1:      nicolae_arrival_memento_mori, layout_rooms, serial_glass,
          glass_columns_a, glass_columns_b,
          ebering_ecumenical_altar_sacrificial, eino_curves_03
D:2:      layout_basic, basic_altar
D:3:      layout_loops_ring, mainiacjoe_overflow_brackets,
          gammafunk_temple_overflow_claw, gammafunk_ghost_arena, uniq_grinder,
          uniq_sigmund, uniq_terence, uniq_natasha

Skill      XL: |  1  2  3 |
---------------+----------+-----
Long Blades    | 4 |  4.5
Fighting       | |  3.5
Dodging        | |  3.8
Stealth        | |  2.0

Action                   |  1- 3 |  4- 6 || total
-------------------------+-------+-------++-------
Melee: Falchion          |    77 |    13 ||    90
       Kick              |    18 |     4 ||    22
       Peck              |     7 |       ||     7
       Punch             |     1 |       ||     1
  Use: Potion            |       |     4 ||     4
 Stab: Sleeping          |     6 |       ||     6
       Distracted        |     1 |       ||     1
Armor: Robe              |    18 |     3 ||    21
Dodge: Dodged            |    69 |     9 ||    78
